 Dungeon Crawl Stone Soup version 0.19-a0-1498-g0b85ae9 (webtiles) character file.

102 Leszczynek the Fighter (level 4, 0/68 HPs)
             Began as an Ogre Necromancer on Sept 10, 2016.
             Slain by an adder (3 damage)
             ... on level 5 of the Dungeon.
             The game lasted 00:04:16 (852 turns).

Leszczynek the Fighter (Ogre Necromancer)            Turns: 852, Time: 00:04:17

Health: 0/68       AC:  3    Str: 14    XL:     4   Next: 77%
Magic:  1/7        EV: 10    Int: 14    God:
Gold:   47         SH:  0    Dex: 10    Spells: 2 memorised, 5 levels left

rFire  . . .     SeeInvis .     g - +0 spear
rCold  . . .     Gourm    .     a - +0 robe
rNeg   . . .     Faith    .     (no shield)
rPois  .         Spirit   .     (helmet restricted)
rElec  .         Dismiss  .     (no cloak)
rCorr  .         Reflect  .     (gloves unavailable)
MR     .....     Harm     .     (boots unavailable)
Stlth  +.........               (no amulet)
                                (no ring)
                                (no ring)

@: lethally poisoned (0 -> -17)
A: unfitting armour, tough skin 1
a: no special abilities


You were on level 5 of the Dungeon.
You were not hungry.

You visited 1 branch of the dungeon, and saw 5 of its levels.

You collected 47 gold pieces.

Inventory:

Hand Weapons
 e - a +0 club
 g - a +0 spear (weapon)
Missiles
 l - 3 tomahawks (quivered)
 o - 21 poisoned needles
Armour
 a - a +0 robe (worn)
Scrolls
 f - a scroll of teleportation
 i - a scroll of remove curse {unknown}
 n - a scroll of identify {unknown}
Books
 b - a book of Necromancy

   Spells                             Type                      Level
   a - Pain                           Necromancy                   1
   b - Animate Skeleton               Necromancy                   1
   c - Vampiric Draining              Necromancy                   3
   d - Regeneration                   Charms/Necromancy            3
   e - Animate Dead                   Necromancy                   4
   f - Control Undead                 Necromancy                   4
Comestibles
 d - a bread ration
 h - 2 meat rations
 m - a slice of pizza


   Skills:
 - Level 13.2 Fighting
 + Level 3.7 Maces & Flails
 - Level 1.7 Dodging
 - Level 1.5 Stealth
 - Level 2.4 Spellcasting
 - Level 2.9 Necromancy


You had 5 spell levels left.
You knew the following spells:

 Your Spells              Type           Power        Failure   Level  Hunger
a - Pain                  Necr           ##..         10%         1    #......
b - Animate Skeleton      Necr           N/A          10%         1    #......


Dungeon Overview and Level Annotations

Branches:
Dungeon (5/15)
 Temple: D:4-7

Altars:

Annotations:
D:4 Leszczynek's ghost, amateur OgNe


Innate Abilities, Weirdness & Mutations

You are too large for most types of armour.
You have tough skin. (AC +1)


Message History

The adder poisons you!
You miss the adder.
The adder is almost dead.
* * * LOW HITPOINT WARNING * * *
You feel sick. The adder barely misses you.
You closely miss the adder.
The adder is almost dead.
* * * LOW HITPOINT WARNING * * *
You feel sick. The adder bites you.
* * * LOW HITPOINT WARNING * * *
You are more poisoned.
The adder poisons you! The adder barely misses you.
An orc comes into view. It is wielding a flail.
You closely miss the adder.
The adder is almost dead.
* * * LOW HITPOINT WARNING * * *
You feel sick.
The orc shouts!
The adder bites you.
You die...

#### #...
###...######
...........
.........#
#........#
###.!S##.# ##
#... #.# ..
#.## #@# .###
###### . #S#
...<# #.....
.#.#.##o#...#
#.####
......(....#
#.#
##.........#
#<#
######o.#..#
#.# ...##.#
..# ##.# .#
#### .# #


You could see an adder and 2 orcs.

Vanquished Creatures
  A giant frog zombie (D:5)
  An adder (D:3)
  2 giant geckos
  A ball python (D:2)
  A giant cockroach (D:3)
  A goblin (D:3)
  4 hobgoblins
  3 bats
  2 giant newts
  A kobold (D:3)
  A rat (D:3)
18 creatures vanquished.

Vanquished Creatures (collateral kills)
  A giant cockroach (D:3)
1 creature vanquished.

Grand Total: 19 creatures vanquished

Notes
Turn   | Place    | Note
-------+----------+-------------------------------------------
     0 | D:1      | Leszczynek the Ogre Necromancer began the quest for the Orb.
     0 | D:1      | Reached XP level 1. HP: 16/16 MP: 3/3
     2 | D:1      | Learned a level 1 spell: Animate Skeleton
    24 | D:1      | Reached skill level 1 in Fighting
   185 | D:2      | Reached skill level 1 in Maces & Flails
   311 | D:3      | Reached XP level 2. HP: 27/27 MP: 0/5
   377 | D:3      | Reached skill level 2 in Maces & Flails
   476 | D:2      | Reached skill level 3 in Maces & Flails
   476 | D:2      | Reached XP level 3. HP: 16/33 MP: 6/6
   724 | D:4      | Noticed Leszczynek's ghost (amateur OgNe)
   727 | D:5      | Entered Level 5 of the Dungeon
   749 | D:5      | Noticed a centaur
   750 | D:5      | HP: 3/33 [centaur/arrow (3)]
   753 | D:5      | Reached skill level 13 in Fighting
   753 | D:5      | Reached XP level 4. HP: 27/68 MP: 7/7
   851 | D:5      | HP: 4/68 [adder (3)]
   852 | D:5      | Slain by an adder

Vault maps used:
D:1:      dpeg_arrival_tiny_h
D:2:      nicolae_ru_great_annihilating_truth, first_bread
D:4:      evilmike_ruin_ashenzari, serial_shops,
          nicolae_shop_overgrown_old_shop, shop, kennysheep_mini, shop,
          nicolae_shop_crystal
D:5:      uniq_menkaure, uniq_prince_ribbit1

Skill      XL: |  1  2  3 |
---------------+----------+-----
Fighting       | 1 13 | 13.2
Maces & Flails | 1 3 |  3.7
Dodging        | |  1.7
Stealth        | |  1.5
Spellcasting   | |  2.4
Necromancy     | |  2.9

Action                   |  1- 3 |  4- 6 || total
-------------------------+-------+-------++-------
Melee: Spear             |    41 |    15 ||    56
 Cast: Pain              |    14 |     7 ||    21
       Animate Skeleton  |     3 |       ||     3
  Use: Potion            |     3 |       ||     3
       Scroll            |     1 |       ||     1
  Eat: Pizza             |       |     1 ||     1
Armor: Robe              |    16 |     5 ||    21
Dodge: Dodged            |    29 |    13 ||    42
